AoeStats
← Bzm_JöNTüRK

Arena

510817196Analyzed
4v4 RM · 24h ago on Oct 2, 2026· 43m 12s· 8 players
Game mode
Random Map
Map size
Large (8 player)
Population
200
Speed
Normal
Resources
Standard
Victory
Conquest
Starting age
Dark Age
Ending age
Imperial Age
RankedLock teamsTeams togetherTeam positionsShared explorationLock speedFull tech treeHidden civsTurbo modeCheats
Victory
Defeat
🇹🇼 Huns · Taiwan
1546
+17
🇨🇳 Vikings · China
1516
+19
🇹🇼 Goths · Taiwan
1512
+19
🇨🇳 Khmer · China
1496
+19
🇹🇷 Khmer · Türkiye
1625
-20
🇹🇷 Franks · Türkiye
1614
-20
🇹🇷 Teutons · Türkiye
1597
-20
🇹🇷 Magyars · Türkiye
1464
-14
白心悠哉
9:40 Feudal Age
13:19 Castle Age
11:44 Double-Bit Axe
12:05 Horse Collar
16:01 Loom
20:45 Stone Mining
21:50 Bow Saw
22:18 Heavy Plow
22:34 Fletching
27:09 Imperial Age
24:45 Bodkin Arrow
24:56 Scale Mail Armor
25:07 Forging
25:23 Town Watch
25:34 Bodkin Arrow
25:40 Bodkin Arrow
26:00 Chain Mail Armor
25:39 Gold Mining
26:58 Gold Shaft Mining
26:39 Forging
26:41 Squires
28:56 Chemistry
29:20 Plate Mail Armor
31:18 Iron Casting
30:40 Pikeman
31:27 Elite Varangian Guard
31:57 Arson
32:59 Conscription
33:53 Blast Furnace
33:32 Chieftains
34:08 Bracer
36:19 Padded Archer Armor
37:01 Bogsveigar
37:24 Siege Engineers
37:39 Ballistics
37:27 Siege Engineers
37:02 Treadmill Crane
36:55 Crossbowman
37:27 Arbalester
37:29 Pikeman
38:45 Leather Archer Armor
40:53 Ring Archer Armor
42:13 Murder Holes
42:28 Masonry
43:48 Two-Man Saw
ss839059
10:20 Feudal Age
11:23 Double-Bit Axe
14:01 Castle Age
12:08 Horse Collar
15:10 Bow Saw
21:47 Loom
22:39 Wheelbarrow
27:15 Imperial Age
24:15 Pikeman
25:19 Scale Mail Armor
25:29 Forging
26:13 Hand Cart
26:26 Chain Mail Armor
28:08 Iron Casting
27:22 Capped Ram
28:34 Siege Ram
29:06 Halberdier
31:43 Blast Furnace
33:22 Conscription
33:24 Marauders
33:38 Bloodlines
33:28 Husbandry
33:35 Scale Barding Armor
35:01 Two-Man Saw
37:08 Chain Barding Armor
39:52 Plate Barding Armor
39:18 Gold Mining
word.exe
9:36 Feudal Age
10:00 Feudal Age
9:55 Loom
11:33 Loom
14:25 Castle Age
26:44 Horse Collar
26:49 Double-Bit Axe
37:22 Wheelbarrow
37:26 Town Watch
40:26 Bow Saw
42:33 Bloodlines
42:23 Husbandry
42:59 Scale Barding Armor
42:41 Light Cavalry
虞小梅
11:39 Feudal Age
12:48 Double-Bit Axe
13:43 Horse Collar
16:06 Castle Age
15:37 Wheelbarrow
17:05 Bow Saw
16:58 Heavy Plow
16:42 Pikeman
17:54 Scale Mail Armor
18:16 Loom
25:12 Hand Cart
25:15 Gold Mining
26:24 Stone Mining
30:46 Imperial Age
29:12 Stone Shaft Mining
28:58 Chain Mail Armor
28:53 Forging
28:38 Treadmill Crane
29:36 Padded Archer Armor
30:01 Scale Barding Armor
30:06 Forging
30:54 Bloodlines
30:45 Husbandry
31:43 Chain Barding Armor
32:35 Chemistry
31:01 Cavalier
32:59 Two-Man Saw
32:29 Conscription
34:28 Padded Archer Armor
35:06 Anarchy
35:19 Perfusion
35:55 Leather Archer Armor
36:16 Iron Casting
35:59 Elite Skirmisher
37:16 Ballistics
36:28 Halberdier
37:08 Squires
39:16 Blast Furnace
40:51 Guilds
41:52 Crop Rotation
43:19 Coinage
42:36 Man-at-Arms
WarPrince
10:49 Feudal Age
14:31 Castle Age
12:18 Double-Bit Axe
16:06 Bow Saw
18:54 Loom
22:25 Wheelbarrow
23:21 Hand Cart
24:19 Gold Mining
24:21 Stone Mining
27:59 Imperial Age
26:07 Gold Shaft Mining
26:07 Forging
25:57 Scale Mail Armor
25:47 Town Watch
27:27 Iron Casting
27:53 Squires
27:39 Gambesons
28:52 Chain Mail Armor
28:03 Elite Throwing Axeman
29:07 Conscription
30:09 Plate Mail Armor
30:39 Blast Furnace
29:56 Fletching
33:15 Treadmill Crane
34:36 Chemistry
33:53 Bodkin Arrow
35:10 Murder Holes
35:17 Padded Archer Armor
38:09 Masonry
40:31 Hoardings
Bzm_Kuvâ-yi Milliye
10:14 Feudal Age
11:23 Double-Bit Axe
11:18 Horse Collar
13:39 Castle Age
14:41 Bow Saw
14:32 Heavy Plow
20:03 Gold Mining
22:13 Gold Shaft Mining
22:34 Wheelbarrow
26:40 Imperial Age
24:11 Stone Mining
24:22 Loom
24:23 Town Watch
25:47 Stone Shaft Mining
26:41 Bloodlines
26:32 Husbandry
26:38 Scale Barding Armor
26:43 Forging
26:50 Fletching
27:31 Bodkin Arrow
28:10 Conscription
27:14 Onager
28:34 Crop Rotation
28:31 Hand Cart
28:43 Bracer
30:00 Conscription
32:38 Hoardings
32:26 Ballistics
32:11 Siege Engineers
33:07 Chemistry
34:19 Husbandry
34:31 Bloodlines
Bzm_Cordobez
5:57 Loom
8:34 Feudal Age
10:07 Fletching
17:20 Horse Collar
18:43 Double-Bit Axe
26:09 Castle Age
27:48 Bow Saw
27:40 Heavy Plow
28:16 Wheelbarrow
28:25 Stone Mining
28:25 Gold Mining
33:15 Hand Cart
32:47 Town Watch
37:08 Imperial Age
35:04 Scale Barding Armor
35:14 Forging
35:45 Bloodlines
36:29 Chain Barding Armor
37:46 Iron Casting
37:32 Cavalier
40:36 Two-Man Saw
40:06 Crop Rotation
40:40 Plate Barding Armor
41:23 Blast Furnace
Bzm_JöNTüRK
10:50 Feudal Age
14:20 Castle Age
12:26 Horse Collar
12:38 Double-Bit Axe
20:11 Town Watch
21:04 Wheelbarrow
20:22 Loom
22:36 Stone Mining
23:02 Heavy Plow
28:58 Imperial Age
27:39 Scale Barding Armor
28:58 Husbandry
29:08 Bloodlines
29:04 Corvinian Army
29:39 Chain Barding Armor
30:03 Conscription
29:39 Elite Magyar Huszar
32:05 Plate Barding Armor
32:13 Fletching
37:10 Hand Cart
37:54 Arson
Connection lost

Rejoining the realm…

Still unreachable

The connection could not be restored.

Session expired

The server has moved on; the page needs a fresh start.